 Dungeon Sprint DCSS version 0.29.1-2-gbd0b4ee654 (webtiles) character file.

Game seed: 12443215172897239409

130 Zeld the Cleaver (level 4, -5/45 HPs)
             Began as a Minotaur Berserker on Oct 24, 2022.
             Was a Priest of Trog.
             Slain by a fire elemental (8 damage)
             ... summoned by a deep elf pyromancer
             ... in the Dungeon (Sprint III: "The Ten Rune Challenge").
             The game lasted 00:00:56 (642 turns).

Zeld the Cleaver (Minotaur Berserker)                Turns: 642, Time: 00:00:57

Health: -5/45      AC:  2    Str: 24    XL:     4   Next: 89%
Magic:  3/3        EV: 13    Int:  4    God:    Trog [***...]
Gold:   34         SH:  0    Dex:  9    Spells: 3/3 levels left

rFire   . . .      SeeInvis .   a - +0 hand axe
rCold   . . .      Faith    .   (no shield)
rNeg    . . .      Spirit   .   b - +0 animal skin
rPois   .          Reflect  .   (helmet restricted)
rElec   .          Harm     .   (no cloak)
rCorr   .          Rampage  .   (no gloves)
Will    .....      NoTele   +   (no boots)
Stlth   +.........              (no amulet)
HPRegen 0.15/turn               (no ring)
MPRegen 0.08/turn               (no ring)

@: on berserk cooldown, slowed, very slow
A: horns 2, retaliatory headbutt
a: Renounce Religion, Berserk, Trog's Hand


You were in the Dungeon.
You worshipped Trog.
Trog was most pleased with you.
You visited 1 branch You collected 34 gold pieces.

Inventory:

Hand Weapons
 a - a +0 hand axe (weapon)
Armour
 b - a +0 animal skin (worn)
Scrolls
 i - a scroll of poison {unknown}
 j - 3 scrolls of identify
 l - a scroll of immolation {unknown}
Potions
 c - a potion of curing
 d - a potion of heal wounds
 e - a potion of haste
 f - 2 potions of magic
 g - a potion of berserk rage
 k - 6 potions of mutation
 m - a potion of flight {unknown}


   Skills:
 + Level 6.3 Fighting
 * Level 8.2 Axes
 + Level 5.7 Armour
 + Level 5.1 Dodging


You had 3 spell levels left.
You didn't know any spells.
Your spell library was empty.

Dungeon Overview and Level Annotations

Branches:
Dungeon (1/1)

Altars:
Elyvilon
Kikubaaqudgha
Sif Muna
Vehumet
Zin
The Shining One


Innate Abilities, Weirdness & Mutations

You have a pair of horns on your head.
You reflexively headbutt those who attack you in melee.


Message History

You barely miss the deep elf pyromancer.
The fire elemental hits you. The fire elemental burns you!
You slash the fire elemental!
The fire elemental is severely damaged.
You slash the deep elf pyromancer! The fire elemental hits you.
The fire elemental burns you!
The deep elf pyromancer hits you with a +1 long sword of holy wrath!
Unknown command.
You slash the fire elemental!
You destroy the fire elemental!
The fire elemental disappears in a puff of smoke!
You barely miss the deep elf pyromancer.
Unknown command.
You slash the deep elf pyromancer!
Your headbutt misses the deep elf pyromancer.
The deep elf pyromancer is heavily wounded.
You hit the fire elemental but do no damage.
The deep elf pyromancer hits you with a +1 long sword of holy wrath.
You slash the deep elf pyromancer!
The deep elf pyromancer is severely wounded.
You hit the fire elemental. The fire elemental hits you.
The fire elemental burns you!
The deep elf pyromancer mumbles some strange words.
The deep elf pyromancer blinks!
The fire elemental barely misses you.
You feel a strong urge to attack something.
The fire elemental hits you. The fire elemental burns you!
* * * LOW HITPOINT WARNING * * *
The deep elf pyromancer mumbles some strange words.
You are no longer berserk.
You are exhausted.
You feel yourself slow down.
The deep elf pyromancer hits you with a +1 long sword of holy wrath.
* * * LOW HITPOINT WARNING * * *
Unknown command.
You hit the deep elf pyromancer but do no damage.
The deep elf pyromancer is severely wounded.
You hit the fire elemental. x2; The fire elemental hits you.
The fire elemental burns you!
You die...

▓▓▓▓ ▓▓▓ (..#### ##.#####
......#####..#___#
....÷..#..#..#!..#
#.##...#..#..###'#+###+##
#.###..##'#..#....☼°....#
##.##..###...'.E.E......#
..##.÷####..)#..@######+#
..##..###....#.e.#
.##...##.....#...#
##....#......#'###
##..##.#.....#.::#
#..#####....#___# ▓▓▓▓
▓▓▓▓▓▓▓▓▓▓


You could see a deep elf pyromancer and 2 fire elementals.

Vanquished Creatures
  A water elemental (D)
  A wizard (D)
  A kobold demonologist (D)
  A human (D)
  A phantom (D)
  An endoplasm (D)
  3 rats (D)
9 creatures vanquished.

Notes
Turn   | Place    | Note
-------+----------+-------------------------------------------
     0 | D        | Zeld the Minotaur Berserker began the quest for the Orb.
     0 | D        | Reached XP level 1. HP: 19/19 MP: 0/0
    15 | D        | Reached skill level 4 in Axes
    81 | D        | Reached ** piety under Trog
    97 | D        | Reached XP level 2. HP: 21/27 MP: 1/1
   105 | D        | Reached skill level 5 in Axes
   362 | D        | Noticed a water elemental
   370 | D        | Killed a water elemental
   370 | D        | Reached *** piety under Trog
   371 | D        | Reached skill level 5 in Fighting
   371 | D        | Reached skill level 7 in Axes
   371 | D        | Reached skill level 5 in Armour
   371 | D        | Reached XP level 3. HP: 35/37 MP: 2/2
   371 | D        | Reached XP level 4. HP: 42/44 MP: 3/3
   564 | D        | Found a radiant altar of Vehumet.
   564 | D        | Found a shimmering blue altar of Sif Muna.
   564 | D        | Found an ancient bone altar of Kikubaaqudgha.
   564 | D        | Noticed a wizard
   574 | D        | Noticed a neqoxec
   576 | D        | Killed a wizard
   577 | D        | Reached skill level 8 in Axes
   577 | D        | Reached skill level 5 in Dodging
   629 | D        | Found a glowing silver altar of Zin.
   629 | D        | Found a glowing golden altar of the Shining One.
   629 | D        | Found a white marble altar of Elyvilon.
   630 | D        | Noticed a deep elf pyromancer
   633 | D        | Noticed a fire elemental
   633 | D        | Noticed a fire elemental
   641 | D        | Noticed a fire elemental
   641 | D        | HP: 2/45 [deep elf pyromancer/+1 long sword of holy wrath
                  | (6)]
   642 | D        | Slain by a fire elemental

Illustrated notes

Levels and vault maps discovered:
D:        dungeon_sprint_mu [sprint_mu_entry_cave, sprint_mu_temple_rooms,
          sprint_mu_d1_spiders, sprint_mu_d2_genie, sprint_mu_d3_branching,
          sprint_mu_orc_legion, sprint_mu_elf_gauntlet, sprint_mu_hive_nellie,
          sprint_mu_lair_fedhas, sprint_mu_vaults_butterflies,
          sprint_mu_slime_circle, sprint_mu_shoals_kraken,
          sprint_mu_snake_twists, sprint_mu_blade_basic, sprint_mu_crypt_lich,
          sprint_mu_tomb_spiral, sprint_mu_vestibule_basic,
          sprint_mu_gehenna_hellfire, sprint_mu_dis_giant,
          sprint_mu_tartarus_statrot, sprint_mu_cocytus_islands, sprint_mu_zot1]

Skill      XL: |  1  2  3  4 |
---------------+-------------+-----
Axes           | 4 7 8 |  8.2
Fighting       | 4 5 6 |  6.3
Armour         | 3 5 |  5.7
Dodging        | 4 5 |  5.1

Action                   |  1- 3 |  4- 6 || total
-------------------------+-------+-------++-------
Melee: Hand axe          |    23 |    11 ||    34
       Headbutt          |     4 |       ||     4
Invok: Berserk           |     1 |     2 ||     3
       Trog's Hand       |       |     1 ||     1
  Use: Scroll            |       |     1 ||     1
 Stab: Sleeping          |     1 |       ||     1
Armor: Animal skin       |     4 |     2 ||     6
Dodge: Dodged            |    13 |     1 ||    14
